Map: [ESL] Royal Blood

Players

Astrea

  • Race: Protoss Protoss
  • League: Diamond

Spirit - Winner!

  • Race: Terran Terran

Event: IEM Katowice 2023

VOD

Have the link to the VOD?

Description

Time

  • Played on: Feb. 10, 2023, 6:16 a.m.
  • Length: 25:01

All games in this series

Show
View Real Time Build Order
Export as new Build Order

Astrea Protoss 

Build Orders: 1 Gate Expand, Blink Stalkers 

Get SALT Encoding   

  12  0:00  Probe  
  13  0:12  Probe  
  14  0:16  Pylon  
  14  0:24  Probe  
  15  0:35  Gateway  
  15  0:38  Probe (Chrono Boost)  
  16  0:47  Probe (Chrono Boost)  
  16  0:48  Assimilator  
  17  0:52  Probe (Chrono Boost)  
  18  1:04  Probe  
  19  1:16  Probe  
  20  1:24  Cybernetics Core  
  20  1:32  Nexus  
  20  1:39  Zealot (Chrono Boost)  
  22  1:47  Pylon  
  22  1:49  Probe  
  23  1:55  Assimilator  
  23  2:05  Probe, Adept (Chrono Boost)  
  23  2:06  Warp Gate  
  25  2:17  Probe  
  26  2:26  Adept (Chrono Boost)  
  26  2:29  Probe  
  29  2:32  Twilight Council  
  29  2:41  Probe  
  30  2:52  Probe  
  30  2:53  Probe, Adept  
  34  3:02  Gateway  
  34  3:04  Probe  
  35  3:06  Probe  
  34  3:16  Probe  
  34  3:18  Probe  
  34  3:21  Blink (Chrono Boost)  
  34  3:29  Probe  
  34  3:30  Probe  
  36  3:34  Robotics Facility  
  36  3:41  Probe  
  37  3:42  Probe  
  38  3:53  Probe  
  38  3:54  Probe  
  40  3:59  Pylon, Stalker  
  40  4:03  Stalker  
  40  4:05  Probe  
  43  4:11  Nexus  
  43  4:13  Probe  
  44  4:17  Probe  
  44  4:21  Observer  
  46  4:25  Probe  
  46  4:29  Probe  
  46  4:30  Stalker x2  
  52  4:37  Probe  
  51  4:42  Probe  
  49  4:49  Probe  
  50  4:54  Probe  
  50  4:56  Assimilator x2  
  51  5:00  Pylon  
  51  5:01  Probe  
  51  5:03  Pylon  
  51  5:06  Probe  
  53  5:13  Probe  
  54  5:18  Probe  
  54  5:21  Pylon  
  51  5:24  Probe  
  51  5:25  Probe  
  51  5:26  Stalker x2  
  54  5:30  Probe  
  54  5:36  Probe, Observer  
  54  5:39  Probe  
  54  5:42  Probe (Chrono Boost)  
  57  5:43  Charge  
  57  5:49  Probe (Chrono Boost)  
  58  5:51  Probe (Chrono Boost)  
  58  5:54  Probe (Chrono Boost)  
  60  5:59  Probe (Chrono Boost)  
  60  6:00  Probe (Chrono Boost)  
  60  6:01  Probe (Chrono Boost)  
  63  6:04  Pylon, Probe (Chrono Boost), Observer  
  63  6:05  Templar Archives, Probe (Chrono Boost)  
  63  6:08  Probe  
  66  6:15  Probe  
  66  6:17  Probe  
  67  6:20  Probe  
  67  6:24  Psionic Storm, Gateway, Observer  
  68  6:26  Gateway  
  68  6:27  Probe  
  68  6:29  Probe  
  68  6:30  Gateway  
  70  6:33  Probe, Observer  
  70  6:34  Observer  
  70  6:36  Gateway  
  70  6:39  Probe  
  73  6:41  Probe  
  73  6:42  Pylon  
  74  6:47  Probe  
  74  6:50  Pylon  
  77  6:57  Warp Prism (Chrono Boost)  
  80  7:02  Zealot x2  
  80  7:08  Forge  
  81  7:11  Observer  
  81  7:12  Pylon  
  81  7:18  Nexus  
  81  7:21  Pylon, Observer  
  81  7:24  High Templar x3, Zealot x2  
  95  7:30  Immortal  
  95  7:35  Pylon  
  95  7:39  Pylon  
  94  7:45  High Templar, Protoss Ground Weapons Level 1 (Chrono Boost), Zealot x2  
  99  7:51  Photon Cannon  
  99  7:56  Zealot x3, Probe x3  
  108  8:02  Pylon  
  108  8:04  Gateway  
  108  8:08  Probe x3  
  108  8:09  High Templar, Zealot  
  119  8:19  Stalker  
  117  8:25  Stalker  
  119  8:29  Stalker  
  119  8:31  Zealot x2  
  119  8:32  Probe x2  
  115  8:41  Probe x2  
  115  8:45  Observer (Chrono Boost)  
  113  8:51  Probe  
  113  8:53  Probe  
  113  8:54  Probe  
  111  8:55  Zealot  
  111  8:56  Zealot x5  
  123  9:03  Probe  
  123  9:07  Probe  
  122  9:10  Probe x2  
  122  9:15  Archon, Probe  
  122  9:19  Probe  
  122  9:20  Robotics Bay  
  122  9:22  Photon Cannon, Probe x2  
  122  9:23  Photon Cannon  
  125  9:25  High Templar, Zealot x5  
  125  9:29  Gateway, Probe  
  125  9:30  Gateway  
  138  9:39  Probe  
  138  9:42  Probe x3  
  142  9:47  Pylon, Protoss Ground Weapons Level 2 (Chrono Boost)  
  142  9:48  Pylon  
  142  9:49  Zealot x5  
  152  10:11  Pylon, Gateway  
  152  10:12  Gateway  
  152  10:18  Zealot x5  
  152  10:20  Colossus (Chrono Boost)  
  162  10:23  Extended Thermal Lance  
  168  10:33  Photon Cannon  
  168  10:35  Zealot x2  
  157  10:45  Stalker x5  
  167  10:52  Pylon  
  167  10:55  Pylon  
  153  11:04  Observer  
  153  11:07  Pylon  
  153  11:08  Pylon  
  153  11:10  Pylon  
  147  11:17  Observer (Chrono Boost)  
  139  11:22  Zealot  
  139  11:23  Zealot x7  
  155  11:29  Nexus, Warp Prism (Chrono Boost)  
  128  11:50  Zealot x4  
  130  11:56  Probe  
  130  12:00  Photon Cannon  
  110  12:03  Nexus  
  110  12:07  Warp Prism (Chrono Boost)  
  104  12:14  Observer  
  104  12:15  Stalker x2  
  104  12:16  Stalker  
  104  12:19  Zealot  
  105  12:30  Probe  
  103  12:40  High Templar  
  103  12:41  High Templar x3  
  111  12:59  Pylon, Observer  
  111  13:00  Nexus  
  111  13:03  Probe x2  
  113  13:13  Colossus (Chrono Boost)  
  113  13:15  Probe  
  113  13:16  Probe  
  113  13:18  Probe  
  120  13:37  High Templar, Zealot x6  
  130  13:58  Archon  
  130  13:59  Colossus (Chrono Boost)  
  124  14:05  Zealot x5  
  124  14:06  Zealot  
  124  14:07  Archon  
  116  14:12  Observer  
  114  14:18  Stalker x3  
  114  14:19  Zealot x4  
  114  14:20  Probe, Observer  
  115  14:35  Nexus  
  115  14:42  Probe  
  115  14:44  Observer  
  116  14:46  Probe x2  
  118  14:55  Nexus  
  118  15:00  High Templar, Zealot x2  
  118  15:01  Zealot x4  
  118  15:05  Pylon, Probe  
  133  15:12  Colossus (Chrono Boost)  
  132  15:29  Zealot x6  
  144  15:41  Observer  
  141  15:50  Probe x4  
  141  15:51  Assimilator  
  141  15:56  Assimilator  
  144  16:02  Probe x3  
  147  16:06  Probe  
  154  16:17  Warp Prism (Chrono Boost)  
  150  16:21  Pylon  
  150  16:23  Photon Cannon, Probe x3  
  150  16:24  Probe  
  133  16:26  Observer  
  133  16:27  Stalker x7  
  147  16:35  Probe x2  
  145  16:45  Probe  
  142  16:48  Colossus (Chrono Boost)  
  142  16:50  Probe  
  142  16:51  Probe x2  
  142  16:57  High Templar x4, Probe  
  142  16:58  Zealot x3  
  157  17:03  Probe x2  
  157  17:04  Probe  
  160  17:10  Probe  
  160  17:15  Probe x2  
  163  17:16  Probe  
  163  17:22  Probe  
  165  17:27  Probe  
  165  17:43  Zealot x7  
  159  17:46  Zealot  
  159  17:47  Zealot x6  
  175  17:51  Disruptor (Chrono Boost)  
  166  18:06  Observer  
  166  18:10  Stalker x4  
  166  18:11  Stalker x3  
  170  18:37  Pylon  
  170  18:38  Nexus  
  170  18:39  Pylon  
  170  18:42  Pylon  
  170  18:46  Disruptor (Chrono Boost)  
  141  19:02  Observer  
  139  19:05  Zealot x3  
  139  19:08  High Templar x2  
  139  19:09  Nexus  
  150  19:25  Observer (Chrono Boost)  
  150  19:27  High Templar x5  
  152  19:32  Archon x2  
  134  19:50  Zealot x2  
  88  20:00  Stalker x5  
  95  20:14  Disruptor  
  95  20:18  High Templar x2  
  98  20:25  High Templar x2, Zealot x3  
  108  20:41  Nexus  
  107  20:48  High Templar x3  
  107  21:04  Observer  
  107  21:11  High Templar x2  
  111  21:22  Zealot x5  
  121  21:39  Nexus  
  121  21:44  High Templar  
  121  21:45  Observer  
  112  22:01  Immortal  
  112  22:08  Zealot x4  
  112  22:14  Zealot  
  106  22:38  Archon  
  90  22:52  Stalker x7  
  97  23:17  Zealot x7  
  89  23:50  Zealot x3  
  66  24:16  Observer  
Show
View Real Time Build Order
Export as new Build Order

Spirit Terran - Winner!

Build Orders:  

Get SALT Encoding   

  12  0:00  SCV  
  13  0:12  SCV  
  14  0:17  Supply Depot  
  14  0:24  SCV  
  15  0:38  SCV  
  15  0:40  Barracks  
  16  0:43  Refinery  
  16  0:50  SCV  
  17  1:03  SCV  
  18  1:15  SCV  
  19  1:27  Marine, Orbital Command  
  20  1:38  Command Center  
  20  1:49  Factory  
  20  1:54  SCV  
  21  2:00  Supply Depot  
  21  2:06  SCV, Barracks Reactor  
  22  2:11  Refinery  
  22  2:18  SCV  
  23  2:30  SCV  
  23  2:34  Hellion  
  26  2:42  SCV, Starport  
  26  2:43  Marine x2  
  29  2:47  Supply Depot  
  29  2:54  SCV  
  30  3:01  Marine  
  31  3:08  Marine, SCV  
  31  3:09  Widow Mine  
  34  3:20  Medivac, SCV  
  36  3:30  Widow Mine  
  36  3:33  SCV  
  39  3:38  Marine x2  
  39  3:41  Orbital Command  
  41  3:45  SCV  
  42  3:51  Medivac  
  44  3:57  Widow Mine, SCV  
  44  4:02  Marine x2  
  49  4:07  SCV  
  49  4:08  Supply Depot  
  49  4:09  SCV  
  51  4:12  Barracks  
  51  4:17  Supply Depot  
  51  4:19  Marine, SCV  
  51  4:21  Starport Tech Lab, SCV  
  54  4:30  Marine  
  54  4:31  SCV  
  55  4:33  SCV  
  55  4:38  Marine  
  56  4:43  SCV  
  56  4:45  SCV  
  54  4:48  Marine  
  54  4:52  Factory Tech Lab, Raven  
  55  4:55  SCV  
  55  4:56  Marine  
  55  4:57  Bunker, SCV  
  56  5:02  Barracks Tech Lab  
  56  5:03  Engineering Bay, Barracks  
  56  5:06  Marine  
  57  5:07  SCV  
  57  5:09  SCV  
  57  5:13  Marine  
  60  5:19  SCV  
  56  5:21  SCV  
  56  5:24  Marine  
  55  5:28  Siege Tank  
  55  5:31  SCV  
  55  5:33  SCV  
  55  5:34  Stimpack  
  55  5:36  Command Center  
  55  5:39  Refinery  
  55  5:40  Refinery  
  55  5:41  Marine  
  56  5:44  Liberator  
  56  5:46  SCV  
  56  5:48  Marine  
  56  5:49  SCV  
  62  5:51  Barracks Tech Lab  
  62  5:56  Engineering Bay  
  62  5:58  Engineering Bay  
  62  5:59  SCV  
  63  6:05  Supply Depot  
  63  6:07  Siege Tank  
  63  6:08  SCV  
  63  6:09  Marine  
  68  6:11  SCV  
  68  6:14  Marine  
  70  6:18  Combat Shield  
  70  6:25  Terran Infantry Weapons Level 1  
  70  6:28  Supply Depot  
  70  6:32  Barracks  
  70  6:33  Terran Infantry Armor Level 1  
  70  6:35  Barracks  
  70  6:39  SCV x2  
  72  6:41  Missile Turret  
  72  6:46  Starport Reactor  
  74  6:47  Marine, Marauder x2  
  74  6:51  SCV  
  74  6:52  Orbital Command, Factory Reactor  
  74  6:53  SCV  
  79  7:01  Marine  
  79  7:03  SCV  
  79  7:05  SCV  
  79  7:06  Supply Depot  
  84  7:08  Marine, Marauder  
  84  7:09  Marauder  
  84  7:15  SCV  
  88  7:16  Orbital Command  
  88  7:18  SCV, Armory  
  88  7:19  Marine, Marauder  
  88  7:22  Concussive Shells, Barracks Reactor  
  92  7:26  Marine, Medivac  
  92  7:27  SCV  
  92  7:28  Widow Mine  
  92  7:29  Marine, Widow Mine  
  101  7:36  Marine  
  102  7:37  Supply Depot  
  102  7:38  SCV  
  102  7:39  Supply Depot  
  102  7:40  SCV  
  102  7:42  SCV  
  105  7:50  Widow Mine x2  
  109  7:59  Marine, Marauder, SCV x3  
  109  8:00  Supply Depot  
  109  8:02  Supply Depot  
  109  8:05  Ghost Academy, Marauder  
  117  8:06  Supply Depot  
  117  8:09  Marine, Marauder  
  117  8:11  SCV x2  
  121  8:15  Marine  
  121  8:16  Marine  
  121  8:19  Medivac x2  
  120  8:21  Marauder  
  120  8:22  Marine  
  120  8:26  Widow Mine  
  127  8:27  Marine, Marauder  
  127  8:33  Ghost  
  130  8:36  Marine  
  131  8:41  Marine  
  131  8:43  Marine  
  131  8:48  Widow Mine x2  
  136  8:49  Medivac  
  136  8:53  Marine  
  138  8:59  SCV  
  138  9:00  Marine  
  141  9:03  Marine, Medivac  
  141  9:04  Orbital Command  
  141  9:09  Widow Mine x2  
  140  9:10  Supply Depot  
  140  9:12  Supply Depot  
  140  9:17  Supply Depot  
  140  9:26  Supply Depot  
  140  9:34  Medivac  
  140  9:35  Marine  
  140  9:36  Marine, SCV x3  
  140  9:37  Marauder  
  136  9:43  Marauder  
  138  9:47  Viking  
  138  9:48  SCV x3  
  138  9:50  Widow Mine x2  
  145  9:58  Marine  
  148  10:00  SCV, Marauder  
  148  10:01  Marine  
  148  10:03  Medivac  
  148  10:04  Marine  
  148  10:05  Marauder  
  155  10:11  SCV x2  
  155  10:12  Widow Mine  
  155  10:14  Marine  
  159  10:17  Marine, Medivac, Supply Depot  
  163  10:21  SCV  
  156  10:36  Marine  
  156  10:38  Marine  
  156  10:42  Marine  
  152  10:43  Marauder  
  152  10:44  Marine  
  152  10:45  Marine x2  
  150  10:52  Orbital Command  
  150  10:54  Marine  
  150  10:55  Marine  
  151  10:58  Medivac  
  151  11:00  Marine  
  151  11:01  Marine  
  151  11:03  Marine x2  
  151  11:04  Marauder  
  146  11:12  Marine  
  146  11:13  Marine  
  146  11:18  Marine  
  146  11:19  Marine  
  146  11:21  Marine x2  
  149  11:27  Marine  
  150  11:35  Viking  
  150  11:36  Marine, Viking  
  150  11:38  Marine  
  152  11:40  Marine  
  152  11:44  Marine  
  152  11:45  Marine  
  152  11:46  Marauder  
  131  11:49  Marine  
  131  11:53  Widow Mine x2  
  131  11:54  Marine  
  121  11:56  Marine  
  121  11:58  Marine  
  111  12:02  Marine  
  111  12:03  Marine  
  111  12:05  Medivac  
  111  12:06  Medivac  
  111  12:07  Marine x2  
  116  12:11  Marine  
  116  12:14  Marine  
  116  12:15  Marine  
  118  12:29  Orbital Command  
  120  12:34  Marine x4, Ghost x3  
  118  12:52  Marine x2  
  118  12:57  SCV x2  
  118  12:58  Viking x2  
  124  12:59  SCV  
  124  13:02  Ghost  
  124  13:03  Marauder  
  127  13:06  Marauder  
  127  13:09  SCV x2  
  127  13:10  Missile Turret  
  127  13:11  SCV  
  130  13:21  SCV x2  
  130  13:25  SCV, Marauder  
  135  13:28  Viking  
  135  13:33  Marauder, SCV  
  140  13:36  SCV  
  140  13:40  SCV  
  141  13:44  Marauder  
  141  13:45  Marine  
  142  13:48  Marine  
  142  13:49  Marine, Marauder  
  142  13:53  Marine  
  142  13:55  Marauder  
  143  14:02  Marine  
  139  14:05  Marine  
  139  14:06  Marine  
  139  14:07  Marine  
  131  14:10  Marauder  
  131  14:11  Marine  
  131  14:16  Marauder  
  123  14:18  Medivac  
  123  14:20  Marine  
  121  14:24  Marine  
  121  14:25  Marine  
  121  14:29  Marine  
  112  14:34  Ghost x2  
  112  14:37  Ghost  
  112  14:38  Marine, Widow Mine  
  117  14:40  Widow Mine  
  117  14:42  Marine  
  117  14:43  Marine  
  117  14:44  SCV  
  117  14:45  SCV  
  124  14:54  Orbital Command  
  124  14:56  SCV  
  124  14:57  SCV  
  124  14:58  Refinery  
  126  15:01  Refinery  
  126  15:03  Ghost x2  
  126  15:04  Refinery  
  126  15:05  Marine  
  126  15:06  Marine, Marauder  
  134  15:10  Marine  
  134  15:11  Marine  
  132  15:23  Marine  
  132  15:26  SCV  
  132  15:27  Marauder  
  132  15:28  Refinery  
  136  15:29  Marine  
  136  15:32  Marauder x2  
  136  15:34  Marine  
  142  15:37  Marine  
  142  15:41  Marine  
  145  15:47  Marine, Ghost Academy, SCV  
  145  15:49  SCV, Marauder  
  149  15:54  Marauder x2  
  149  15:55  Missile Turret  
  149  15:56  Viking  
  155  16:02  Viking  
  157  16:04  Terran Infantry Weapons Level 2  
  157  16:08  Marine  
  157  16:09  Marine  
  157  16:10  Marine, Marauder  
  162  16:15  Marauder x2  
  162  16:18  Marine  
  167  16:26  Marine  
  167  16:27  Marine  
  167  16:28  Marine  
  167  16:32  Marauder  
  171  16:36  Marine  
  171  16:37  Marauder  
  164  16:41  Marauder  
  164  16:44  Marine  
  164  16:45  Marine  
  164  16:46  Marine  
  160  16:48  Viking x2  
  160  16:53  Marine  
  165  16:57  Marauder  
  165  17:04  Marine x2  
  165  17:07  Supply Depot x2  
  165  17:09  Marine  
  165  17:10  SCV  
  165  17:18  Missile Turret  
  165  17:24  Marine  
  165  17:25  SCV  
  165  17:26  Marine, SCV  
  165  17:27  Marine  
  165  17:28  Viking x2  
  165  17:29  Marine, Marauder x3  
  172  17:38  SCV x2  
  160  18:01  Marine  
  160  18:02  Marine x3  
  160  18:04  Marauder  
  158  18:07  Marauder  
  158  18:08  Marauder  
  158  18:11  Orbital Command  
  157  18:19  Marine  
  158  18:35  Marine, Supply Depot  
  158  18:43  Marine  
  158  18:44  SCV  
  158  18:47  Marine, Marauder  
  158  18:48  Marine, Marauder  
  158  18:50  Marauder  
  158  18:53  Marine  
  143  18:57  Viking  
  143  19:01  Marine  
  145  19:05  Marine  
  145  19:06  Marine  
  145  19:08  Marine, Marauder  
  150  19:11  Marine x2  
  152  19:19  Marine  
  152  19:21  Viking  
  152  19:23  Marine  
  156  19:24  Marine  
  156  19:26  Marine  
  156  19:28  Marine  
  159  19:32  Marine, Sensor Tower  
  159  19:34  Marine  
  149  19:47  Marine, Marauder  
  149  19:52  Marine  
  122  19:53  Marine  
  106  20:10  Ghost  
  106  20:11  Ghost x2  
  106  20:12  Marine  
  106  20:14  Marine  
  105  20:21  Marine  
  106  20:31  Viking  
  108  20:37  Viking  
  108  20:39  Marine  
  108  20:40  Marauder  
  108  20:41  Marine  
  110  20:45  Marine  
  110  20:46  Marine  
  113  20:57  Marine  
  113  21:00  Missile Turret  
  113  21:02  Marine  
  113  21:06  Marine  
  113  21:07  Marine  
  110  21:12  SCV  
  110  21:13  SCV  
  112  21:25  SCV x2  
  114  21:37  SCV x2  
  118  21:44  Marine  
  120  21:53  Marine  
  118  21:58  Marine  
  118  22:00  Marine  
  116  22:02  Marine  
  116  22:04  SCV x2  
  116  22:05  Missile Turret  
  113  22:10  Ghost  
  113  22:14  Marauder  
  117  22:16  SCV x2  
  117  22:17  Marine  
  117  22:21  Marine  
  121  22:22  Marine  
  121  22:27  Marine  
  121  22:28  SCV x2  
  121  22:29  Marauder  
  126  22:37  Marine x2  
  119  22:39  Marine x2  
  119  22:40  Marine  
  120  22:45  Marine  
  120  22:50  Marauder  
  123  22:54  Marine  
  123  22:55  Marine  
  123  22:56  Marine  
  123  22:57  Marine  
  126  22:59  Marine  
  126  23:03  Marine  
  113  23:33  Orbital Command  
  112  24:01  Orbital Command  
  110  24:16  Missile Turret  
  109  24:19  Marine  
  106  24:28  Marine  
  106  24:29  Marauder  
  105  24:35  Marine  
  105  24:36  Marine  

Tags
 
Add a new tag
Caveats
  • Supply blocks, unpowered buildings, or Contaminate may cause inaccurate times.
  • Supply counts are checked every 10 seconds.